 Dungeon Crawl Stone Soup version 0.23.2-1-ga50397a (webtiles) character file.

Game seed: 4899260513818813006

3231 Chain the Slicer (level 9, 0/56 HPs)
             Began as an Octopode Fighter on June 1, 2019.
             Was a Follower of Hepliaklqana.
             Slain by a hog (13 damage)
             ... on level 7 of the Dungeon.
             The game lasted 00:21:38 (8151 turns).

Chain the Slicer (Octopode Fighter)                 Turns: 8151, Time: 00:21:39

Health: 0/56       AC:  1    Str: 15    XL:     9   Next: 98%
Magic:  9/12       EV: 13    Int: 11    God:    Hepliaklqana [*.....]
Gold:   139        SH: 10    Dex: 14    Spells: 11/12 levels left

rFire    + . .     SeeInvis .   a - +0 short sword (venom)
rCold    . . .     Gourm    .   p - +0 shield
rNeg     . . .     Faith    .   (helmet restricted)
rPois    .         Spirit   .   (no amulet)
rElec    .         Reflect  .   k - ring of wizardry
rCorr    .         Harm     .   F - ring of protection from fire
MR       .....                  (no ring)
Stlth    ++++......             (no ring)
HPRegen  0.18/turn              (no ring)
MPRegen  0.13/turn              (no ring)
                                (no ring)
                                (no ring)

@: very slightly contaminated
A: almost no armour, stealthy swim, amphibious, 8 rings, constrict 8, reduced
essence, camouflage 1, gelatinous body 1
a: Recall Ancestor, Ancestor Identity, Renounce Religion


You were on level 7 of the Dungeon.
You worshipped Hepliaklqana.
Hepliaklqana was aware of your devotion.
You were not hungry.

You visited 2 branches of the dungeon, and saw 8 of its levels.
You also visited: Sewer.

You collected 399 gold pieces.
You spent 260 gold pieces at shops.

Inventory:

Hand Weapons
 a - a +0 short sword of venom (weapon)
 y - a +0 trident
Armour
 p - a +0 shield (worn)
Magical Staves
 C - an uncursed staff of air
Jewellery
 k - a ring of wizardry (left tentacle)
 F - a ring of protection from fire (right tentacle)
Wands
 D - a wand of digging (2)
Scrolls
 e - 2 scrolls of fear {unknown}
 g - 5 scrolls of remove curse
 i - 4 scrolls of teleportation
 j - 4 scrolls of identify {unknown}
 m - 5 scrolls of fog
 n - 3 scrolls of immolation {unknown}
 o - a scroll of enchant armour {unknown}
 q - a scroll of amnesia {unknown}
 r - a scroll of random uselessness {unknown}
 s - 2 scrolls of blinking {unknown}
 t - 2 scrolls of magic mapping
 x - a scroll of noise {unknown}
 z - a scroll of enchant weapon {unknown}
Potions
 b - 2 potions of might
 d - 3 potions of degeneration {unknown}
 f - 3 potions of heal wounds {unknown}
 h - 3 potions of curing
 l - a potion of haste {unknown}
 u - 3 potions of berserk rage {unknown}
 v - a potion of mutation {unknown}
 w - a potion of flight {unknown}
 A - 2 potions of lignification {unknown}
 E - a potion of magic {unknown}
 G - a potion of brilliance {unknown}
Comestibles
 c - 13 rations
 B - 9 chunks of flesh


   Skills:
 + Level 6.4 Fighting
 - Level 8.3 Short Blades
 - Level 3.3 Dodging
 - Level 5.2 Stealth
 + Level 6.7 Shields
 + Level 4.0 Unarmed Combat
 + Level 2.4 Spellcasting
 + Level 2.5 Hexes


You had 11 spell levels left.
You knew the following spells:

 Your Spells              Type           Power        Failure   Level  Hunger
a - Confusing Touch       Hex            #.....       12%         1    ##.....

Your spell library contained the following spells:

 Spells                   Type           Power        Failure   Level  Hunger
 Animate Skeleton         Necr           N/A          32%         1    ##.....
 Apportation              Tloc           #.....       32%         1    ##.....
 Magic Dart               Conj           #...         32%         1    ##.....
 Summon Small Mammal      Summ           #...         32%         1    ##.....
 Searing Ray              Conj           #.....       43%         2    ###....
 Dazzling Spray           Conj/Hex       #.....       47%         3    ####...
 Fulminant Prism          Conj/Hex       #.........   86%         4    #####..
 Force Lance              Conj/Tloc      #.......     95%         4    #####..
 Iskenderun's Mystic Bla  Conj           #.......     95%         4    #####..


Dungeon Overview and Level Annotations

Branches:
Dungeon (7/15)             Temple (1/1) D:4

Altars:
Cheibriados
Dithmenos
Elyvilon
Fedhas
Gozag
Hepliaklqana
Kikubaaqudgha
Makhleb
Okawaru
Qazlal
Ru
Sif Muna
Trog
Uskayaw
Vehumet
Wu Jian
Xom
Zin

Shops:
D:4 %   D:7 :

Annotations:
D:1 exclusion: downstairs
D:6 exclusion: downstairs


Innate Abilities, Weirdness & Mutations

You cannot wear most types of armour.
You are very stealthy in the water. (Stealth+)
You are amphibious.
You can wear up to eight rings at the same time.
You can use your tentacles to constrict eight enemies at once.
Your skin changes colour to match your surroundings (Stealth+).
Your rubbery body absorbs attacks. (AC +1, EV +1)
Your life essence is reduced to manifest your ancestor. (-10% HP)


Message History

Your tentacles begin to glow red.
The hog bites Njabulo!
Njabulo completely misses the hog.
The hog bites you.
Njabulo hits the hog.
You hit the hog but do no damage.
The hog appears confused.
You grab the hog. You squeeze the hog.
The hog is heavily wounded.
You constrict the hog, but do no damage.
The hog bites you!
* * * LOW HITPOINT WARNING * * *
You strike the helpless hog from behind!
You puncture the hog!
The hog is almost dead.
You constrict the hog.
Njabulo hits the hog.
The hog closely misses you.
You hit the hog but do no damage.
The hog is poisoned.
You tentacle-slap the hog.
You kill the hog!
Njabulo hits the hog.
There is an open door here.
Something gores Njabulo!
The hog bites you!
You die...

.........# ###...........
.........# #)).........
########..# #...........
#.........################
#.........#%%#..#
#...÷.....#%.#..#
######.........#..'..#
...........###>#..#..#
.(......)÷.# #@#Y.#..#
..#.....>.###h#)#####
##..........R.....#
##)..............#
##................#
#)).####..........#
..≈P....## #..........#
.P≈.....# #..........#
..P..⌠.## #..........#


You could see the friendly Njabulo the ancestor and a hog.

Vanquished Creatures
  A hog (D:7)
  A human (D:7)
  5 ogres
  2 phantoms
  3 bullfrogs
  3 big kobolds (Sewer)
  4 killer bees (D:7)
  2 crimson imps
  An orc priest (D:5)
  3 orc wizards
  3 iguanas
  Natasha (thrice) (D:4)
  6 worker ants
  A hound skeleton (D:5)
  Robin (D:2)
  4 gnolls
  2 river rats (Sewer)
  A worker ant zombie (D:7)
  18 adders
  A shadow imp (D:2)
  An adder zombie (D:5)
  7 oozes
  5 worms
  3 dart slugs
  9 leopard geckos
  19 orcs
  6 ball pythons
  6 bats
  11 giant cockroaches
  19 goblins
  11 hobgoblins
  2 jackals (D:5)
  3 quokkas
  2 frilled lizards
  A jackal skeleton (D:5)
  12 kobolds
  A quokka skeleton (D:4)
  13 rats
196 creatures vanquished.

Vanquished Creatures (collateral kills)
  A hog (D:7)
  A black bear (D:7)
  2 sky beasts
  2 ice beasts
  An ogre (D:4)
  A scorpion (D:7)
  A bullfrog zombie (D:7)
  An orc priest (D:5)
  An iguana (D:7)
  An orc wizard (D:7)
  An adder (D:5)
  An orc (D:7)
  A ball python (D:5)
  2 jackals (D:5)
17 creatures vanquished.

Vanquished Creatures (others)
  An ancestor (D:7)
1 creature vanquished.

Grand Total: 214 creatures vanquished

Notes
Turn   | Place    | Note
-------+----------+-------------------------------------------
     0 | D:1      | Chain the Octopode Fighter began the quest for the Orb.
     0 | D:1      | Reached XP level 1. HP: 16/16 MP: 1/1
   120 | D:1      | Reached XP level 2. HP: 19/21 MP: 2/2
   467 | D:1      | Reached XP level 3. HP: 19/26 MP: 3/3
   914 | D:2      | Noticed Robin
   940 | D:1      | Reached skill level 1 in Stealth
  1120 | D:2      | Killed Robin
  1120 | D:2      | Reached XP level 4. HP: 21/31 MP: 4/4
  1326 | D:2      | Found a white marble altar of Elyvilon.
  2001 | D:3      | Reached XP level 5. HP: 36/36 MP: 5/5
  2123 | D:3      | Found a glowing drain.
  2196 | Sewer    | Entered a sewer
  2389 | Sewer    | Noticed a big kobold
  2396 | Sewer    | Killed a big kobold
  2396 | Sewer    | Reached skill level 1 in Short Blades
  2396 | Sewer    | Reached XP level 6. HP: 36/43 MP: 6/6
  2754 | Sewer    | Reached skill level 2 in Short Blades
  2852 | Sewer    | Reached XP level 7. HP: 47/48 MP: 7/7
  2977 | Sewer    | Reached skill level 5 in Stealth
  3583 | D:4      | Noticed Natasha
  3584 | D:4      | Killed Natasha
  3634 | D:4      | Reached skill level 3 in Short Blades
  3829 | D:4      | Found Qenledgha's Food Shoppe.
  3975 | D:4      | Noticed Natasha
  4099 | D:4      | Killed Natasha
  4143 | D:4      | Noticed Natasha
  4153 | D:4      | Killed Natasha
  4223 | D:4      | Found a staircase to the Ecumenical Temple.
  4250 | Temple   | Entered the Ecumenical Temple
  4299 | Temple   | Became a worshipper of Hepliaklqana the Forgotten
  4365 | D:4      | Reached skill level 4 in Short Blades
  4369 | D:4      | HP: 2/44 [ogre/+0 giant club (22)]
  4371 | D:4      | Reached XP level 8. HP: 2/48 MP: 8/8
  4702 | D:4      | Found an ornate altar of the Wu Jian Council.
  5001 | D:4      | Reached skill level 5 in Short Blades
  5354 | D:5      | Entered Level 5 of the Dungeon
  5418 | D:5      | Reached skill level 5 in Shields
  5675 | D:5      | Reached skill level 5 in Fighting
  5765 | D:5      | Reached skill level 6 in Short Blades
  6267 | D:5      | Reached XP level 9. HP: 54/54 MP: 9/9
  6432 | D:6      | Reached skill level 7 in Short Blades
  6992 | D:6      | Reached * piety under Hepliaklqana
  7070 | D:7      | Found Waanes's Book Shoppe.
  7089 | D:7      | Bought a book of Cantrips for 260 gold pieces
  7092 | D:7      | Learned a level 1 spell: Confusing Touch
  7358 | D:7      | Reached skill level 8 in Short Blades
  7570 | D:7      | Reached skill level 1 in Hexes
  7592 | D:7      | Reached skill level 1 in Spellcasting
  8151 | D:7      | Slain by a hog

Skill      XL: |  1  2  3  4  5  6  7  8  9 |
---------------+----------------------------+-----
Stealth        | 1 3 4 5 |  5.2
Unarmed Combat | 3 4 |  4.0
Short Blades   | 1 2 4 6 8 |  8.3
Shields        | 4 5 6 |  6.7
Fighting       | 4 5 6 |  6.4
Hexes          | 2 |  2.5
Spellcasting   | 2 |  2.4
Dodging        | |  3.3

Action                   |  1- 3 |  4- 6 |  7- 9 || total
-------------------------+-------+-------+-------++-------
Melee: Unarmed           |    85 |    56 |       ||   141
       Constrict         |    23 |    33 |    55 ||   111
       Tentacles         |    17 |    25 |    59 ||   101
       Punch             |     1 |     2 |     7 ||    10
       Short sword       |       |    77 |   312 ||   389
 Cast: Confusing Touch   |       |       |    11 ||    11
Invok: Recall Ancestor   |       |       |     1 ||     1
  Use: Scroll            |       |     3 |     1 ||     4
       Potion            |       |       |     2 ||     2
 Stab: Sleeping          |     9 |    17 |    35 ||    61
       Confused          |       |       |     5 ||     5
       Distracted        |       |       |     1 ||     1
  Eat: Chunk             |     1 |     5 |    14 ||    20
       Ration            |       |       |     1 ||     1
Armor: Skin              |     2 |     8 |    10 ||    20
Dodge: Dodged            |    44 |    60 |   105 ||   209
Block: Shield            |    30 |    44 |    90 ||   164
